 Dungeon Crawl Stone Soup version 0.26.1-12-g5ba1501909 (webtiles) character file.

Game seed: 2586085748534484331

273 Zeld the Chucker (level 6, -2/59 HPs)
             Began as a Troll Hunter on Oct 28, 2021.
             Slain by Grinder (4 damage)
             ... while paralysed by Grinder
             ... on level 3 of the Dungeon.
             The game lasted 00:05:44 (3879 turns).

Zeld the Chucker (Troll Hunter)                     Turns: 3879, Time: 00:05:45

Health: -2/59      AC:  6    Str: 23    XL:     6   Next: 3%
Magic:  5/5        EV:  1    Int:  7    God:
Gold:   156        SH:  0    Dex: 10    Spells: 5/5 levels left

rFire    . . .     SeeInvis .   a - +0 club
rCold    . . .     Faith    .   (no shield)
rNeg     . . .     Spirit   .   b - +0 robe
rPois    .         Reflect  .   (helmet restricted)
rElec    .         Harm     .   (no cloak)
rCorr    .         Rampage  .   (gloves unavailable)
Will     .....                  (boots unavailable)
Stlth    +.........             (no amulet)
HPRegen  0.59/turn              (no ring)
MPRegen  0.09/turn              (no ring)

@: paralysed
A: large, unfitting armour, claws 3, regeneration 1, shaggy fur 1, tough skin 3
a: no special abilities


You were on level 3 of the Dungeon.
You visited 1 branch of the dungeon, and saw 3 of its levels.

You collected 156 gold pieces.

Inventory:

Hand Weapons
 a - a +0 club (weapon)
Missiles
 n - 8 boomerangs (quivered)
Armour
 b - a +0 robe (worn)
Jewellery
 u - an uncursed ring of wizardry
Scrolls
 e - 5 scrolls of identify {unknown}
 h - a scroll of noise {unknown}
 j - a scroll of remove curse {unknown}
 k - a scroll of blinking {unknown}
 m - a scroll of amnesia {unknown}
 q - a scroll of fear {unknown}
 r - 3 scrolls of enchant weapon {unknown}
 s - a scroll of fog {unknown}
 t - a scroll of teleportation {unknown}
Potions
 f - 3 potions of degeneration {unknown}
 g - 2 potions of brilliance {unknown}
 i - 4 potions of lignification {unknown}
 l - a potion of curing {unknown}
 o - a potion of mutation {unknown}
 p - a potion of magic {unknown}


   Skills:
 * Level 2.9 Fighting
 * Level 2.4 Maces & Flails
 * Level 4.6 Throwing
 + Level 2.2 Dodging
 + Level 1.2 Stealth


You had 5 spell levels left.
You didn't know any spells.
Your spell library was empty.

Dungeon Overview and Level Annotations

Branches:
Dungeon (3/15)

Altars:

Annotations:
D:3 1 transporter, Grinder


Innate Abilities, Weirdness & Mutations

You are too large for most types of armour.
You have claws for hands.
Your natural rate of healing is unusually fast.
You are covered in fur. (AC +1)
You have extremely tough skin. (AC +3)


Message History

Grinder gestures at you.
You barely resist.
The orc wizard hits you but does no damage.
Grinder hits you but does no damage.
Throw: large rock
Press: ? - help, Q - select action, (/) - cycle Shift-Dir - straight line, f/p - Grinder
Aim: Grinder, carrying a wand of random effects (21) (severely wounded, 55% to hit)
You throw a large rock.
The large rock hits Grinder but does no damage.
Grinder is severely wounded.
The orc wizard hits you with a +0 dagger.
* * * LOW HITPOINT WARNING * * *
The orc wizard completely misses you. Grinder gestures at you.
You suddenly lose the ability to move!
The orc wizard hits you but does no damage.
Grinder hits you.
* * * LOW HITPOINT WARNING * * *
You writhe in agony.
You die...

.......#####.....≈..
..............≈.....
..............[.....
...†....####.......#
.......## #.#######
#..)..## #.# ##...##
#.# ###.##
#.######### #...#
#((.5@o.).# #.###
#########.# #†# #)#
#.# #(# #†# #(#
#(###### #(#
.......# #o#
.#####.# #.# .# #)#


You could see Grinder and an orc wizard (fast).

Vanquished Creatures
  A centaur (D:2)
  Jessica (D:3)
  Terence (D:3)
  5 adders
  2 worms
  A dart slug (D:1)
  7 leopard geckos
  8 orcs (D:3)
  A giant cockroach (D:2)
  6 goblins
  9 hobgoblins
  6 jackals
  A quokka (D:2)
  10 bats
  7 frilled lizards
  11 kobolds
  4 rats
81 creatures vanquished.

Vanquished Creatures (others)
  A lurking horror (D:3)
1 creature vanquished.

Grand Total: 82 creatures vanquished

Notes
Turn   | Place    | Note
-------+----------+-------------------------------------------
     0 | D:1      | Zeld the Troll Hunter began the quest for the Orb.
     0 | D:1      | Reached XP level 1. HP: 19/19 MP: 0/0
   153 | D:1      | Reached XP level 2. HP: 21/28 MP: 1/1
   848 | D:1      | Reached XP level 3. HP: 31/35 MP: 2/2
   934 | D:1      | Reached skill level 1 in Maces & Flails
   993 | D:1      | Reached skill level 4 in Throwing
  1535 | D:2      | Noticed a centaur
  1937 | D:2      | Reached XP level 4. HP: 41/42 MP: 3/3
  2734 | D:2      | Killed a centaur
  2735 | D:2      | Reached skill level 1 in Stealth
  2735 | D:2      | Reached XP level 5. HP: 5/50 MP: 4/4
  3001 | D:2      | Found a faded altar of an unknown god.
  3224 | D:3      | Noticed Terence
  3273 | D:3      | Killed Terence
  3529 | D:3      | Found a transporter.
  3787 | D:3      | Noticed Jessica
  3804 | D:3      | Killed Jessica
  3805 | D:3      | Reached XP level 6. HP: 41/59 MP: 5/5
  3846 | D:3      | Noticed Grinder
  3865 | D:3      | Paralysed by Grinder for 6 turns
  3878 | D:3      | Paralysed by Grinder for 5 turns
  3879 | D:3      | HP: 2/59 [Grinder (4)]
  3879 | D:3      | Slain by Grinder

Illustrated notes

Levels and vault maps discovered:
D:1:      minmay_arrival_three_doors, layout_basic
D:2:      layout_basic, chequers_ecumenical_altar_twisty
D:3:      gammafunk_steamed_eel, layout_loops_ring,
          chequers_serial_rivers_small_3, amcnicky_altar_lugonu_corruption,
          uniq_jessica, uniq_terence, uniq_grinder

Skill      XL: |  1  2  3  4  5 |
---------------+----------------+-----
Fighting       | 2 |  2.9
Maces & Flails | 1 2 |  2.4
Throwing       | 4 |  4.6
Dodging        | 2 |  2.2
Stealth        | 1 |  1.2

Action                   |  1- 3 |  4- 6 || total
-------------------------+-------+-------++-------
Melee: Club              |   212 |   277 ||   489
       Unarmed           |    12 |       ||    12
Throw: Large rock        |       |     7 ||     7
       Throwing net      |       |     2 ||     2
 Stab: Sleeping          |     1 |     1 ||     2
Armor: Robe              |   115 |   139 ||   254
Dodge: Dodged            |   152 |   180 ||   332
